 Dungeon Crawl Stone Soup version 0.31-a0-174-g85c54bcb58 (webtiles) character file.

Game seed: 13945549837089498019

2314 Hubris850 the Fighter (level 9, -13/67 (81) HPs)
             Began as a Minotaur Fighter on June 15, 2023.
             Was a Believer of Wu Jian.
             Mangled by a wight
             ... wielding a +4 mace of freezing
              (16 damage)
             ... on level 6 of the Dungeon.
             The game lasted 00:15:41 (4695 turns).

Hubris850 the Fighter (Minotaur Fighter)            Turns: 4695, Time: 00:15:42

HP:   -13/67 (81)   AC:  5    Str: 30    XL:     9   Next: 18%
MP:   0/8           EV: 12    Int:  5    God:    Wu Jian [**....]
Gold: 309           SH:  5    Dex: 11    Spells: 8/8 levels left

rFire   . . .        m - +0 hand axe (venom)
rCold   . . .        c - +0 buckler
rNeg    . . .        w - +0 troll leather armour {Pargi}
rPois   .            (helmet restricted)
rElec   .            (no cloak)
rCorr   .            (no gloves)
SInv    .            (no boots)
Will    .....        x - amulet of guardian spirit
Stlth   +            G - +6 ring of strength
HPRegen 1.11/turn    (no ring)
MPRegen 0.11/turn

%: guardian spirit
@: heavily drained
A: horns 2, retaliatory headbutt
a: Renounce Religion, Wall Jump


You were on level 6 of the Dungeon.
You worshipped Wu Jian.
Wu Jian was pleased with you.
You visited 2 branches of the dungeon, and saw 7 of its levels.

You collected 309 gold pieces.

Inventory:

Hand Weapons
 a - a +0 war axe
 m - a +0 hand axe of venom (weapon)
Missiles
 p - 2 silver boomerangs (quivered)
 v - 2 poisoned darts
 A - an atropa-tipped dart
 F - a throwing net
Armour
 b - a +0 scale mail
 c - a +0 buckler (worn)
 l - a +2 leather armour of willpower
 t - an orb of energy
 w - a +0 troll leather armour (worn) {Pargi}
 C - a +2 leather armour of fire resistance
 J - a +0 plate armour
 K - the +4 robe of Augmentation {Str+4 Int+4 Dex+4}
   (You found it on level 6 of the Dungeon)

   Str:       It affects your strength (+4).
   Int:       It affects your intelligence (+4).
   Dex:       It affects your dexterity (+4).
Jewellery
 x - an amulet of guardian spirit (around neck)
 G - a +6 ring of strength (left hand)
Wands
 d - a wand of flame (9)
 H - a wand of iceblast (11)
Scrolls
 n - 3 scrolls of fog
 o - a scroll of vulnerability {unknown}
 r - a scroll of noise {unknown}
 s - a scroll of revelation {unknown}
 u - a scroll of fear {unknown}
 y - 2 scrolls of enchant armour {unknown}
 B - a scroll of summoning {unknown}
 D - a scroll of enchant weapon {unknown}
 E - a scroll of silence {unknown}
 I - a scroll of identify
Potions
 e - 2 potions of invisibility
 f - 4 potions of curing
 g - 2 potions of haste {unknown}
 h - 2 potions of heal wounds
 i - 3 potions of cancellation
 j - 2 potions of enlightenment {unknown}
 k - 2 potions of magic {unknown}
 q - 2 potions of degeneration {unknown}
 z - 2 potions of mutation {unknown}


   Skills:
 + Level 8.0 Fighting
 - Level 2.4 Axes
 + Level 5.2 Throwing
 + Level 8.0 Armour
 - Level 4.0 Dodging
 + Level 7.9 Shields


You had 8 spell levels left.
You didn't know any spells.
Your spell library contained the following spells:

 Spells                   Type           Power      Damage    Failure   Level
 Cigotuvi's Dreadful Rot  Necr/Pois/Air  0%         N/A       69%         2
 Ignite Poison            Fire/Tmut/Pois 0%         N/A       89%         3
 Freezing Cloud           Conj/Ice/Air   0%         6-21      100%        5
 Summon Forest            Summ/Tloc      0%         N/A       100%        5
 Eringya's Noxious Bog    Tmut/Pois      0%         N/A       100%        6
 Summon Hydra             Summ           0%         N/A       100%        7


Dungeon Overview and Level Annotations

Branches:
Dungeon (6/15)             Temple (1/1) D:5

Altars:
Cheibriados
Elyvilon
Fedhas
Kikubaaqudgha
Makhleb
Nemelex Xobeh
Sif Muna
Trog
Uskayaw
Vehumet
Wu Jian
Xom
Yredelemnul
Zin
The Shining One

Shops:
D:4 *   D:5 =

Annotations:
D:6 2 transporters, rinse's ghost, weakling KoDe


Innate Abilities, Weirdness & Mutations

You have a pair of horns on your head.
You reflexively headbutt those who attack you in melee.


Message History

The wight is moderately damaged.
The wight barely misses you.
The wight hits you with a +4 mace of freezing.
You feel drained. The wight freezes you. The wight closely misses you.
You hit the wight. Your headbutt misses the wight.
The wight is heavily damaged.
You hit the wight but do no damage. You block the wight's attack. x2
You barely miss the wight.
The wight is heavily damaged.
You barely miss the wight. The wight closely misses you.
The wight hits you with a +4 mace of freezing.
You feel drained. The wight freezes you.
You hit the wight. You headbutt the wight!
You destroy the wight!
The Council accepts your kill.
You can now perform airborne attacks.
You hit the wight but do no damage. You hit the wight.
The wight barely misses you. You block the wight's attack.
You closely miss the wight.
The wight is lightly damaged.
You hit the wight. You closely miss the wight. You block the wight's attack.
The wight closely misses you.
The wight hits you with a +2 great sword.
The wight hits you with a +5 mace!
You feel drained.
The wight hits you with a +4 mace of freezing.
You feel drained. The wight freezes you.
The wight hits you with a +2 great sword!
You feel drained.
You barely miss the wight. Your headbutt misses the wight.
The wight is lightly damaged.
You hit the wight. x2; The wight hits you with a +5 mace.
You feel drained. The wight barely misses you. You furiously retaliate!
You headbutt the wight.
The wight hits you with a +2 great sword!
* * * LOW HITPOINT WARNING * * *
You feel drained.
* * * LOW HITPOINT WARNING * * *
You barely miss the wight. Your headbutt misses the wight.
The wight is moderately damaged.
You hit the wight. You closely miss the wight.
The wight hits you with a +4 mace of freezing!
You die...

#..........#
##..########
#...###
#.....#
##....#
#....#
+....#
#....#
#..@.#
#..zzz#
#.....#
#.....#
#......#
#......#
.......#
........#


You could see 3 wights.

Vanquished Creatures
  Grinder (D:3)
  Eustachio (D:5)
  Menkaure (D:4)
  A water moccasin (D:5)
  An ice beast (D:6)
  An orc warrior (D:6)
  Pargi (D:4)
  3 ogres
  A phantom (D:5)
  A bullfrog (D:4)
  4 scorpions
  A wight (D:6)
  2 howler monkeys
  4 hounds
  A jelly (D:4)
  3 iguanas
  5 orc wizards
  6 adders
  17 gnolls
  A shadow imp (D:5)
  A white imp (D:6)
  2 worms
  3 dart slugs
  25 orcs
  8 endoplasms
  4 giant cockroaches
  6 goblins
  7 hobgoblins
  32 jackals
  3 quokkas
  5 ball pythons
  3 bats (D:1)
  4 frilled lizards
  5 kobolds
  2 rats (D:2)
166 creatures vanquished.

Notes
Turn   | Place    | Note
-------+----------+-------------------------------------------
     0 | D:1      | Hubris850 the Minotaur Fighter began the quest for the Orb.
     0 | D:1      | Reached XP level 1. HP: 19/19 MP: 0/0
   126 | D:1      | Reached XP level 2. HP: 25/27 MP: 1/1
   207 | D:1      | Reached skill level 1 in Dodging
   889 | D:2      | Reached XP level 3. HP: 33/33 MP: 2/2
   917 | D:2      | Found a faded altar of an unknown god.
  1102 | D:2      | Reached XP level 4. HP: 41/41 MP: 3/3
  1820 | D:3      | Found an ancient bone altar of Kikubaaqudgha.
  1820 | D:3      | Found a basalt altar of Yredelemnul.
  1820 | D:3      | Found a snail-covered altar of Cheibriados.
  1950 | D:3      | Noticed Grinder
  1962 | D:3      | Killed Grinder
  1963 | D:3      | Reached skill level 5 in Fighting
  1963 | D:3      | Reached skill level 1 in Throwing
  1963 | D:3      | Reached skill level 5 in Armour
  1963 | D:3      | Reached skill level 5 in Shields
  1963 | D:3      | Reached XP level 5. HP: 30/48 MP: 4/4
  1963 | D:3      | Reached XP level 6. HP: 35/56 MP: 5/5
  2671 | D:4      | Reached XP level 7. HP: 39/61 MP: 6/6
  2826 | D:4      | Noticed Pargi
  2831 | D:4      | Killed Pargi
  2831 | D:4      | Noticed Menkaure
  2836 | D:4      | Killed Menkaure
  3075 | D:4      | Found Deygeb's General Store.
  3315 | D:5      | Entered Level 5 of the Dungeon
  3315 | D:5      | Noticed Eustachio
  3345 | D:5      | Killed Eustachio
  3346 | D:5      | Reached XP level 8. HP: 67/71 MP: 7/7
  3434 | D:5      | Found a staircase to the Ecumenical Temple.
  3508 | Temple   | Entered the Ecumenical Temple
  3627 | Temple   | Became a worshipper of the Wu Jian Council
  3642 | D:5      | Found Cahusa's Jewellery Shop.
  3757 | D:5      | Reached * piety under Wu Jian
  4163 | D:5      | Reached XP level 9. HP: 80/80 MP: 8/8
  4538 | D:6      | Reached skill level 5 in Throwing
  4610 | D:6      | Noticed rinse's ghost (weakling KoDe)
  4617 | D:6      | Found a transporter.
  4621 | D:6      | Found a transporter.
  4679 | D:6      | Found the +4 robe of Augmentation {Str+4 Int+4 Dex+4}
  4692 | D:6      | Reached ** piety under Wu Jian
  4694 | D:6      | HP: 2/67 [wight/+2 great sword (7)]
  4695 | D:6      | Mangled by a wight

Illustrated notes

Levels and vault maps discovered:
D:1:      minmay_arrival_shattered_statue, layout_basic
D:2:      layout_basic, hellmonk_ecumenical_altar_pennies_from_heaven,
          minmay_ruptured
D:3:      layout_loops_ring, gammafunk_temple_overflow_forgotten,
          grunt_decor_mini_mirrors, kennysheep_generic_room_8, uniq_grinder
D:4:      layout_gridville, serial_shops, nicolae_shop_tiny_real_fake_doors,
          uniq_menkaure, uniq_pargi
D:5:      lemuel_castle_with_subvaults [lemuel_castle_interior_carwin_2],
          layout_rooms, minmay_temple_entry_overgrown, serial_shops, shop,
          uniq_eustachio
D:6:      layout_basic, gammafunk_ghost_hive, minmay_divided_ellipse
Temple:   hc_temple_tempest_star

Skill      XL: |  1  2  3  4  5  6  7  8  9 |
---------------+----------------------------+-----
Dodging        | 1 2 3 4 |  4.0
Shields        | 4 5 6 7 |  7.9
Armour         | 4 5 6 7 8 |  8.0
Fighting       | 4 5 6 7 8 |  8.0
Throwing       | 1 2 3 4 5 |  5.2
Axes           | |  2.4

Action                     |  1- 3 |  4- 6 |  7- 9 || total
---------------------------+-------+-------+-------++-------
  Melee: War axe           |    25 |       |       ||    25
         Headbutt          |     5 |    13 |    34 ||    52
         Hand axe          |    31 |    88 |   181 ||   300
  Throw: Boomerang         |       |       |    19 ||    19
         Dart              |       |       |     1 ||     1
Ability: Lunge             |       |       |    14 ||    14
         Whirlwind         |       |       |     1 ||     1
    Use: Potion            |       |     1 |     2 ||     3
         Scroll            |       |     3 |     2 ||     5
 Armour: Scale mail        |     9 |       |       ||     9
         Leather armour    |    12 |    23 |     5 ||    40
         Troll leather arm |       |       |    47 ||    47
  Dodge: Dodged            |    19 |    53 |   157 ||   229
  Block: Buckler           |    11 |    18 |    62 ||    91

Table legend: (Time is in decaauts)
 A = Elapsed time spent in this place.
 B = Non-inter-level travel time spent in this place.
 C = Inter-level travel time spent in this place.
 D = Time resting spent in this place.
 E = Time spent auto-exploring this place.
 F = Levels seen in this place.
 G = Mean time per level.
                   A        B        C        D        E       F      G
               +--------+--------+--------+--------+--------+-----+--------+
         Total |   4780 |   4548 |    232 |    127 |   3231 |   7 |  682.9 |
       Dungeon |   4651 |   4428 |    223 |    127 |   3137 |   6 |  775.2 |
        Temple |    128 |    119 |      9 |      0 |     94 |   1 |  128.0 |
               +--------+--------+--------+--------+--------+-----+--------+

Top non-repeatable levels by time:
     D:5: 1083 daAuts
     D:3: 918 daAuts
     D:4: 870 daAuts
     D:1: 842 daAuts
     D:2: 738 daAuts
     D:6: 196 daAuts
  Temple: 128 daAuts
